 Dungeon Crawl Stone Soup version 0.23.2-1-ga50397a (webtiles) character file.

Game seed: 6564686836496871810

681 troglodite the Conjurer (level 7, -2/45 HPs)
             Began as an Octopode Conjurer on May 14, 2019.
             Killed from afar by an orc wizard (4 damage)
             ... with a magic dart
             ... on level 5 of the Dungeon.
             The game lasted 00:18:56 (6085 turns).

troglodite the Conjurer (Octopode Conjurer)         Turns: 6085, Time: 00:18:57

Health: -2/45      AC:  3    Str:  7    XL:     7   Next: 61%
Magic:  8/12       EV: 14    Int: 18    God:
Gold:   218        SH:  0    Dex: 14    Spells: 6/13 levels left

rFire    . . .     SeeInvis .   u - +0 long sword (freeze)
rCold    . . .     Gourm    .   (no shield)
rNeg     . . .     Faith    .   (helmet restricted)
rPois    .         Spirit   .   (no amulet)
rElec    .         Reflect  .   m - ring of ice
rCorr    .         Harm     .   t - ring of fire
MR       .....                  A - +2 ring of protection
Stlth    ++++......             (no ring)
HPRegen  0.15/turn              (no ring)
MPRegen  0.13/turn              (no ring)
                                (no ring)
                                (no ring)

@: slowed, very slow
A: almost no armour, stealthy swim, amphibious, 8 rings, constrict 8, camouflage
1, gelatinous body 1
a: no special abilities


You were on level 5 of the Dungeon.
You were near starving.

You visited 1 branch of the dungeon, and saw 5 of its levels.

You collected 338 gold pieces.
You spent 120 gold pieces at shops.

Inventory:

Hand Weapons
 n - a +0 dagger
 o - a +0 hunting sling
 u - a +0 long sword of freezing (weapon)
Missiles
 j - 5 exploding tomahawks (quivered)
 k - 4 sling bullets
 p - 94 stones
Jewellery
 m - a ring of ice (left tentacle)
 t - a ring of fire (right tentacle)
 A - a +2 ring of protection (on tentacle)
Wands
 w - a wand of enslavement (5)
Scrolls
 a - 3 scrolls of remove curse {unknown}
 c - a scroll of noise {unknown}
 d - 3 scrolls of teleportation {unknown}
 f - a scroll of enchant weapon {unknown}
 g - 10 scrolls of identify {unknown}
 r - a scroll of blinking {unknown}
 s - a scroll of immolation {unknown}
 v - a scroll of fear {unknown}
 y - a scroll of enchant armour {unknown}
 z - a scroll of random uselessness {unknown}
Potions
 e - 3 potions of heal wounds {unknown}
 h - a potion of lignification {unknown}
 i - 3 potions of agility {unknown}
 l - 2 potions of haste {unknown}
 q - 5 potions of curing
 x - a potion of berserk rage {unknown}
 C - a potion of cancellation {unknown}
Comestibles
 b - 9 rations


   Skills:
 * Level 2.1 Fighting
 * Level 2.0(2.3) Short Blades
 + Level 1.7(2.2) Long Blades
 * Level 3.2 Dodging
 * Level 4.3 Stealth
 * Level 3.8 Spellcasting
 * Level 6.2 Conjurations


You had 6 spell levels left.
You knew the following spells:

 Your Spells              Type           Power        Failure   Level  Hunger
a - Magic Dart            Conj           ####         1%          1    None
b - Force Lance           Conj/Tloc      ##......     38%         4    ####...
c - Searing Ray           Conj           ####..       1%          2    ##.....

Your spell library contained the following spells:

 Spells                   Type           Power        Failure   Level  Hunger
 Dazzling Spray           Conj/Hex       ##....       12%         3    ###....
 Iskenderun's Mystic Bla  Conj           ####....     12%         4    ####...
 Fulminant Prism          Conj/Hex       ##........   38%         4    ####...


Dungeon Overview and Level Annotations

Branches:
Dungeon (5/15)
 Temple: D:4-7

Altars:
Fedhas
Okawaru
Uskayaw

Shops:
D:4 =

Annotations:
D:4 3 runed translucent doors, Kahibar's ghost, amateur HOFi


Innate Abilities, Weirdness & Mutations

You cannot wear most types of armour.
You are very stealthy in the water. (Stealth+)
You are amphibious.
You can wear up to eight rings at the same time.
You can use your tentacles to constrict eight enemies at once.
Your skin changes colour to match your surroundings (Stealth+).
Your rubbery body absorbs attacks. (AC +1, EV +1)


Message History

The orc wizard gestures at you while chanting.
The magic dart hits you.
The orc wizard points at you and mumbles some strange words.
The magic dart hits you!
* * * LOW HITPOINT WARNING * * *
The orc wizard gestures wildly while chanting.
The orc wizard blinks!
The orc wizard casts a spell.
The orc wizard blinks!
There is an escape hatch in the floor here.
There is an open door here.
The orc wizard gestures at you while chanting.
The magic dart hits you!
* * * LOW HITPOINT WARNING * * *
The orc wizard gestures at you while chanting.
The magic dart hits you but does no damage.
There is a stone staircase leading up here.
The orc wizard casts a spell at you. The magic dart hits you.
You die...

#####.............
#...o.########
###.### #.# #>#
##o## ##...##
##.....##
#@......#
#.........#
+.........+
#.........#
##.......##
##.....## ##...##
#+##


You could see an orc wizard.

Vanquished Creatures
  Grinder (D:4)
  2 scorpions (D:5)
  3 hounds
  A jelly (D:5)
  An orc wizard (D:4)
  2 worker ants (D:4)
  A hound skeleton (D:4)
  A howler monkey zombie (D:5)
  5 adders
  An ooze (D:3)
  2 worms (D:2)
  3 dart slugs
  2 leopard geckos (D:3)
  12 orcs
  7 bats
  2 giant cockroaches
  9 goblins
  7 hobgoblins
  9 jackals
  8 kobolds
  2 quokkas
  3 frilled lizards
  A jackal skeleton (D:4)
  9 rats
94 creatures vanquished.

Notes
Turn   | Place    | Note
-------+----------+-------------------------------------------
     0 | D:1      | troglodite the Octopode Conjurer began the quest for the
                  | Orb.
     0 | D:1      | Reached XP level 1. HP: 11/11 MP: 3/3
    61 | D:1      | You fall through a shaft!
   284 | D:2      | Reached XP level 2. HP: 17/17 MP: 1/5
  1274 | D:1      | Reached XP level 3. HP: 21/21 MP: 3/6
  2102 | D:2      | Reached skill level 5 in Conjurations
  2298 | D:2      | Reached XP level 4. HP: 27/27 MP: 3/7
  3568 | D:3      | Reached XP level 5. HP: 32/32 MP: 4/8
  3911 | D:4      | Reached skill level 1 in Fighting
  4090 | D:4      | Noticed Grinder
  4110 | D:4      | Killed Grinder
  4110 | D:4      | Reached skill level 1 in Short Blades
  4110 | D:4      | Reached skill level 1 in Long Blades
  4110 | D:4      | Reached XP level 6. HP: 7/38 MP: 4/10
  4764 | D:4      | Reached XP level 7. HP: 44/44 MP: 8/12
  4775 | D:4      | Reached skill level 6 in Conjurations
  4918 | D:4      | Found Xeicas's Jewellery Shoppe.
  4920 | D:4      | Bought a +2 ring of protection for 120 gold pieces
  5252 | D:4      | Found a runed translucent gate.
  5252 | D:4      | Found a runed translucent gate.
  5252 | D:4      | Found a runed translucent gate.
  5256 | D:4      | Noticed Kahibar's ghost (amateur HOFi)
  5389 | D:4      | Found a blossoming altar of Fedhas.
  5389 | D:4      | Found a hide-covered altar of Uskayaw.
  5389 | D:4      | Found an iron altar of Okawaru.
  5563 | D:4      | Learned a level 4 spell: Force Lance
  5566 | D:4      | Learned a level 2 spell: Searing Ray
  5567 | D:5      | Entered Level 5 of the Dungeon
  6082 | D:5      | HP: 1/45 [orc wizard/magic dart (9)]
  6085 | D:5      | Killed from afar by an orc wizard

Skill      XL: |  1  2  3  4  5  6  7 |
---------------+----------------------+-----
Conjurations   | 5 6 |  6.2
Stealth        | 3 4 |  4.3
Fighting       | 1 2 |  2.1
Short Blades   | 1 2 |  2.0
Long Blades    | 1 |  1.7
Spellcasting   | 3 |  3.8
Dodging        | 3 |  3.2

Action                   |  1- 3 |  4- 6 |  7- 9 || total
-------------------------+-------+-------+-------++-------
Melee: Unarmed           |    26 |       |       ||    26
       Constrict         |     7 |    11 |     5 ||    23
       Tentacles         |     4 |    16 |     2 ||    22
       Dagger            |       |    26 |       ||    26
       Long sword        |       |    30 |    11 ||    41
 Cast: Magic Dart        |    73 |    72 |    39 ||   184
       Searing Ray       |       |       |     2 ||     2
  Eat: Chunk             |     5 |     7 |       ||    12
       Ration            |       |       |     1 ||     1
Armor: Skin              |     3 |     2 |     3 ||     8
Dodge: Dodged            |    15 |    47 |    10 ||    72
       Rpst.: Long sword |       |     8 |     5 ||    13
